Map: Redshift LE

Players

iBurrowStuff

  • Race: Zerg Zerg
  • League: Diamond
  • Spawn Location: 11:00

Nordy - Winner!

  • Race: Protoss Protoss
  • League: Diamond
  • Spawn Location: 7:00

VOD

Have the link to the VOD?

Description

Time

  • Played on: July 22, 2018, 2:03 p.m.
  • Length: 14:09
Show
View Real Time Build Order
Export as new Build Order

iBurrowStuff Zerg 

Build Orders: Hatch First, Swarm Host 

Get SALT Encoding   

  12  0:01  Drone  
  13  0:13  Overlord  
  13  0:17  Drone  
  14  0:32  Drone x2  
  14  0:35  Drone  
  17  0:52  Hatchery  
  17  0:55  Drone  
  17  0:58  Drone  
  18  1:12  Extractor  
  18  1:14  Spawning Pool  
  18  1:16  Drone  
  17  1:21  Drone  
  18  1:28  Drone  
  19  1:39  Drone  
  20  1:51  Hatchery  
  19  2:01  Queen, Zergling x2  
  20  2:05  Zergling x4  
  24  2:13  Metabolic Boost  
  24  2:27  Overlord  
  24  2:30  Drone x2  
  24  2:32  Drone  
  24  2:36  Drone  
  28  2:43  Overlord  
  28  2:47  Queen  
  28  2:48  Drone  
  28  2:50  Drone  
  31  3:01  Drone x2  
  31  3:04  Drone  
  32  3:10  Drone x3  
  32  3:11  Drone x2  
  37  3:14  Queen  
  39  3:20  Drone x3  
  42  3:29  Drone x2  
  43  3:39  Drone x2  
  43  3:40  Overlord  
  44  3:48  Roach Warren, Extractor  
  44  3:50  Drone x5  
  44  3:51  Evolution Chamber x2  
  44  3:54  Overlord  
  44  4:01  Spine Crawler  
  44  4:02  Spine Crawler  
  42  4:04  Spore Crawler  
  42  4:06  Spore Crawler  
  42  4:09  Spine Crawler  
  34  4:17  Drone x4  
  34  4:20  Drone  
  34  4:22  Drone  
  40  4:26  Zerg Melee Weapons Level 1  
  40  4:33  Zergling x2  
  40  4:34  Zergling x6  
  44  4:39  Baneling Nest  
  44  4:42  Drone  
  44  4:43  Drone x3  
  44  4:45  Drone  
  48  4:47  Drone  
  48  4:49  Drone  
  50  5:06  Drone x9  
  59  5:08  Overlord  
  59  5:10  Roach  
  59  5:11  Roach  
  63  5:16  Lair  
  63  5:35  Zerg Missile Weapons Level 1  
  63  5:39  Queen x2  
  67  5:43  Drone  
  67  5:47  Spore Crawler  
  67  5:50  Hatchery, Overlord  
  59  6:12  Drone x3, Extractor  
  59  6:13  Drone x3, Extractor  
  59  6:14  Drone x3  
  59  6:15  Overlord  
  59  6:16  Roach x7  
  80  6:27  Drone  
  80  6:28  Overlord x2  
  81  6:40  Baneling x4  
  81  6:50  Queen x3  
  81  6:52  Drone x2  
  89  6:55  Drone  
  89  6:56  Centrifical Hooks  
  89  6:57  Hydralisk Den  
  89  6:59  Overlord  
  89  7:02  Overlord  
  89  7:03  Queen  
  89  7:05  Drone  
  89  7:06  Drone x5  
  97  7:17  Overlord  
  97  7:22  Overlord  
  97  7:26  Zerg Ground Armor Level 1, Grooved Spines  
  97  7:27  Overlord  
  97  7:45  Drone, Spore Crawler  
  97  7:46  Drone x14  
  111  7:51  Infestation Pit  
  111  7:56  Overseer  
  110  7:58  Overseer x2  
  110  8:00  Overlord  
  110  8:08  Drone x9  
  119  8:13  Extractor  
  119  8:14  Extractor  
  117  8:21  Overlord, Hydralisk  
  117  8:22  Hydralisk x6  
  131  8:27  Overlord  
  131  8:35  Extractor  
  131  8:36  Extractor  
  131  8:37  Overlord, Queen  
  131  8:38  Muscular Augments, Queen x2  
  131  8:39  Overlord, Hydralisk x3  
  143  8:43  Zergling x10  
  143  8:46  Hatchery  
  147  8:56  Zerg Melee Weapons Level 2  
  147  9:01  Hive  
  145  9:08  Drone  
  145  9:09  Drone  
  148  9:10  Drone x3  
  148  9:11  Overlord  
  150  9:20  Overlord  
  150  9:21  Overlord, Zergling x2  
  150  9:22  Zergling x28  
  165  9:32  Baneling  
  165  9:33  Baneling x9  
  165  9:50  Overlord  
  165  9:51  Swarm Host x9  
  192  9:54  Overlord  
  192  9:55  Drone x2  
  192  9:56  Drone x4  
  198  10:07  Overlord x2  
  198  10:27  Zerg Missile Weapons Level 2  
  198  10:28  Adrenal Glands  
  198  10:31  Spire  
  198  10:33  Glial Reconstitution, Overlord  
  197  10:35  Ultralisk Cavern  
  197  10:38  Burrow  
  191  11:05  Hatchery  
  191  11:06  Spore Crawler x2  
  191  11:08  Queen  
  191  11:09  Spine Crawler  
  191  11:11  Extractor, Spore Crawler  
  187  11:12  Drone x2, Spine Crawler, Extractor  
  187  11:13  Drone x4  
  187  11:15  Spine Crawler  
  187  11:16  Overlord  
  187  11:17  Baneling  
  187  11:18  Baneling x15  
  188  11:20  Swarm Host x2  
  188  11:21  Swarm Host x2  
  200  11:31  Pathogen Glands  
  179  11:43  Hydralisk  
  179  11:44  Hydralisk x10  
  168  12:01  Roach  
  168  12:02  Roach x13  
  180  12:14  Zergling x2  
  180  12:15  Zergling x14  
  160  12:28  Neural Parasite  
  136  12:48  Overlord  
  126  12:51  Mutalisk  
  126  12:52  Mutalisk x9  
  126  12:55  Overlord  
  126  12:56  Zergling x6  
  143  13:10  Zergling x2  
  143  13:11  Zergling x10  
  125  13:27  Swarm Host x5  
  129  13:35  Hatchery  
  129  13:39  Swarm Host x3  
  137  13:46  Baneling  
  137  13:47  Baneling x7  
Show
View Real Time Build Order
Export as new Build Order

Nordy Protoss - Winner!

Build Orders: 1 Gate Expand, Oracle Opening, Zealot Archon 

Get SALT Encoding   

  12  0:01  Probe  
  13  0:13  Probe  
  14  0:20  Pylon  
  14  0:25  Probe  
  15  0:35  Probe  
  15  0:39  Gateway  
  16  0:44  Probe  
  16  0:49  Assimilator  
  17  0:53  Probe  
  18  1:05  Probe  
  19  1:17  Probe  
  20  1:29  Nexus  
  20  1:39  Cybernetics Core  
  20  1:44  Assimilator  
  20  1:47  Probe  
  21  1:57  Pylon  
  21  1:59  Probe  
  22  2:07  Adept  
  22  2:11  Probe  
  23  2:21  Stargate  
  25  2:23  Probe  
  25  2:35  Adept  
  25  2:36  Probe  
  28  2:43  Probe  
  29  2:49  Gateway  
  29  2:50  Probe  
  30  2:58  Probe  
  30  3:01  Probe  
  32  3:05  Oracle  
  32  3:07  Probe  
  32  3:09  Probe, Warp Gate  
  31  3:15  Probe  
  31  3:17  Probe  
  36  3:25  Probe  
  37  3:28  Probe  
  37  3:30  Gateway  
  37  3:34  Sentry  
  41  3:37  Probe  
  41  3:40  Probe  
  43  3:49  Probe  
  43  3:52  Probe  
  45  4:01  Probe  
  46  4:04  Pylon  
  46  4:19  Pylon  
  46  4:22  Probe x2, Gateway x2, Phoenix  
  50  4:26  Assimilator  
  50  4:27  Pylon  
  50  4:28  Assimilator  
  50  4:34  Probe x2, Twilight Council  
  52  4:45  Robotics Facility  
  52  4:46  Probe x2  
  52  4:50  Pylon  
  54  4:58  Probe  
  54  4:59  Probe  
  56  5:06  Nexus  
  56  5:07  Pylon  
  56  5:14  Templar Archives  
  56  5:15  Probe x2  
  58  5:25  Adept x4  
  58  5:26  Adept  
  67  5:36  Probe x2  
  67  5:40  Observer  
  70  5:44  Gateway  
  70  5:46  Gateway  
  70  5:47  Forge  
  70  5:48  Probe x2  
  72  6:00  Probe x2  
  74  6:10  Charge  
  74  6:12  Probe x2, High Templar  
  74  6:15  Zealot x3  
  84  6:24  Probe  
  85  6:25  Gateway  
  85  6:30  Gateway  
  85  6:34  Protoss Ground Weapons Level 1  
  85  6:35  Probe, Pylon  
  85  6:36  Probe  
  85  6:38  Probe  
  85  6:39  Pylon  
  88  6:47  Probe  
  89  6:56  Probe x2  
  89  7:00  Zealot  
  89  7:01  Zealot x4  
  99  7:03  Immortal  
  105  7:10  Gateway  
  105  7:12  Gateway  
  105  7:15  Gateway  
  101  7:20  High Templar, Zealot  
  101  7:21  Zealot x5  
  115  7:24  Archon  
  115  7:26  Assimilator  
  115  7:28  Psionic Storm  
  115  7:30  Assimilator, Pylon  
  115  7:34  Pylon  
  115  7:37  Immortal  
  115  7:44  Probe  
  115  7:45  Probe  
  115  7:48  Probe  
  122  7:53  Gateway  
  122  7:55  Zealot x3  
  128  8:05  Pylon  
  127  8:21  Nexus  
  127  8:23  Pylon  
  127  8:25  Pylon  
  128  8:27  Probe x2  
  128  8:31  Protoss Ground Weapons Level 2  
  128  8:32  Oracle  
  128  8:39  High Templar x4  
  128  8:40  High Templar  
  128  8:41  Zealot x3  
  140  8:42  Zealot  
  146  8:55  Warp Prism  
  146  9:01  Zealot  
  146  9:02  Zealot x3  
  156  9:08  Pylon  
  156  9:10  Pylon  
  156  9:12  Pylon  
  156  9:17  Robotics Facility  
  156  9:18  Gateway  
  156  9:30  Pylon  
  156  9:31  Zealot  
  156  9:32  High Templar, Pylon  
  156  9:33  High Templar x3  
  156  9:34  Zealot x3  
  156  9:35  Zealot x2  
  156  9:36  Archon  
  156  9:37  Archon  
  156  9:38  Immortal  
  180  9:55  Assimilator, Immortal  
  180  9:58  Forge  
  180  9:59  Assimilator  
  180  10:00  Gateway  
  180  10:01  Robotics Facility  
  184  10:12  High Templar  
  184  10:13  High Templar  
  188  10:17  Archon  
  188  10:28  Immortal  
  188  10:35  Immortal  
  192  10:36  High Templar  
  192  10:37  High Templar  
  200  10:52  Archon  
  165  11:45  Zealot x7  
  165  11:46  Zealot x6  
  165  11:47  Zealot x2  
  145  12:08  Immortal x3  
  155  12:21  Zealot  
  155  12:22  Zealot x6  
  167  12:23  Zealot  
  131  12:41  Zealot x4  
  131  12:42  Zealot x5  
  131  12:43  Zealot x6  
  155  12:46  Warp Prism  
  153  12:57  Warp Prism  
  153  12:58  Warp Prism  
  157  13:07  Archon  
  157  13:11  High Templar  
  157  13:12  High Templar x6  
  165  13:13  High Templar x6  
  165  13:14  High Templar x2  
  165  13:16  Archon x3  
  165  13:17  Archon x3  
  165  13:18  Archon  
  171  13:51  Stalker x3  
  171  13:52  Stalker x5  
  171  13:53  Stalker x3  
  171  13:54  Stalker  
Tags
 
Add a new tag
Caveats
  • Supply blocks, unpowered buildings, or Contaminate may cause inaccurate times.
  • Supply counts are checked every 10 seconds.